 Dungeon Crawl Stone Soup version 0.30-a0-313-gae38170b09 (webtiles) character file.

Game seed: 18244077066477116004

1336 retardedninja the Chopper (level 8, -2/68 HPs)
             Began as a Hill Orc Fighter on Oct 26, 2022.
             Was an Initiate of Gozag.
             Slain by a killer bee (5 damage)
             ... on level 6 of the Dungeon.
             The game lasted 00:07:47 (6382 turns).

retardedninja the Chopper (Hill Orc Fighter)        Turns: 6382, Time: 00:07:48

Health: -2/68      AC:  9    Str: 21    XL:     8   Next: 61%
Magic:  8/8        EV: 10    Int:  8    God:    Gozag
Gold:   357        SH:  4    Dex: 10    Spells: 7/7 levels left

rFire   . . .      SeeInvis .    a - +0 war axe (drain)
rCold   . . .      Faith    .    c - +0 buckler
rNeg    . . .      Spirit   .    b - +0 scale mail
rPois   .          Reflect  .    y - +2 hat
rElec   .          Harm     .    (no cloak)
rCorr   .          Rampage  .    (no gloves)
Will    .....                    (no boots)
Stlth   ..........               (no amulet)
HPRegen 0.31/turn                (no ring)
MPRegen 0.11/turn                (no ring)

@: mighty, lethally poisoned (-2 -> -13), gold aura
A: no striking features
a: Renounce Religion, Potion Petition, Call Merchant, Bribe Branch


You were on level 6 of the Dungeon.
You worshipped Gozag.
Gozag was aware of your devotion.
You visited 2 branches of the dungeon, and saw 7 of its levels.

You collected 466 gold pieces.
You paid 109 gold pieces to Gozag.

Inventory:

Hand Weapons
 a - a +0 war axe of draining (weapon)
Missiles
 w - 2 poisoned darts (quivered)
Armour
 b - a +0 scale mail (worn)
 c - a +0 buckler (worn)
 y - a +2 hat (worn)
Jewellery
 l - a ring of wizardry
 q - a ring of protection from cold
Scrolls
 f - 5 scrolls of teleportation
 j - a scroll of enchant armour {unknown}
 o - a scroll of silence
 s - a scroll of enchant weapon {unknown}
 u - a scroll of identify
 v - a scroll of fear {unknown}
 x - a scroll of vulnerability {unknown}
Potions
 d - a potion of might
 e - 2 potions of attraction {unknown}
 g - 2 potions of curing {unknown}
 h - 2 potions of haste {unknown}
 i - 3 potions of magic {unknown}
 k - 5 potions of cancellation
 m - a potion of heal wounds
 n - a potion of invisibility {unknown}
 p - 2 potions of resistance {unknown}
 r - 2 potions of flight {unknown}
 t - a potion of mutation {unknown}


   Skills:
 + Level 5.3 Fighting
 + Level 7.7 Axes
 + Level 3.9 Throwing
 + Level 6.3 Armour
 + Level 1.9 Dodging
 + Level 0.6 Stealth
 + Level 4.6 Shields


You had 7 spell levels left.
You didn't know any spells.
Your spell library contained the following spells:

 Spells                   Type           Power      Damage    Failure   Level
 Portal Projectile        Hex/Tloc       0%         N/A       99%         3
 Tukima's Dance           Hex            0%         N/A       99%         3
 Anguish                  Hex/Necr       0%         N/A       100%        4
 Blade Hands              Tmut           0%         N/A       100%        5
 Enfeeble                 Hex            0%         N/A       100%        7


Dungeon Overview and Level Annotations

Branches:
Dungeon (6/15)             Temple (1/1) D:5

Altars:
Ashenzari
Cheibriados
Dithmenos
Elyvilon
Fedhas
Gozag
Hepliaklqana
Kikubaaqudgha
Makhleb
Nemelex Xobeh
Qazlal
Sif Muna
Trog
Uskayaw
Vehumet
Wu Jian
Xom
Yredelemnul
The Shining One


Message History

You feel very sick. The howler monkey closely misses you.
The killer bee stings you but does no damage.
The water moccasin bites you but does no damage.
The howler monkey barely misses you. The killer bee stings you.
The killer bee stings you but does no damage.
You slash the killer bee!
The killer bee is severely wounded.
You closely miss the killer bee. You closely miss the howler monkey.
You hit the water moccasin.
You feel very sick.
The killer bee stings you but does no damage.
You block the killer bee's attack. The water moccasin bites you.
* * * LOW HITPOINT WARNING * * *
You block the howler monkey's attack.
The killer bee stings you but does no damage. x2
The water moccasin barely misses you.
You are too injured to fight recklessly!
You slice the killer bee!!
You kill the killer bee!
You miss the killer bee. You barely miss the howler monkey.
You barely miss the water moccasin.
You feel sick. The killer bee misses you.
The howler monkey hits you but does no damage.
You block the killer bee's attack. The killer bee stings you.
* * * LOW HITPOINT WARNING * * *
The water moccasin bites you but does no damage.
The howler monkey hoots and howls with incredible vigour!
You hear a shout! x3
You slash the killer bee!
You kill the killer bee!
You slash the killer bee! You slash the howler monkey!
You slash the water moccasin!
You feel sick. The killer bee stings you.
* * * LOW HITPOINT WARNING * * *
You are lethally poisoned!
The killer bee poisons you! The water moccasin bites you.
* * * LOW HITPOINT WARNING * * *
You block the killer bee's attack. The howler monkey barely misses you.
You block the water moccasin's attack. The killer bee stings you.
You die...
Your body crumbles into a pile of gold.

###.# ##### ##.#. ###
...) ...# ##.. ......#
##.## #.# ..#..#
######...####.# #
#..... ...............
#.##.#..#
###........##.
........# ##..........
#...y######..#########
#..$$@S........#
#...h#####.#.#.#
#.#... #...#.# #.####.
##..# # # .# ##.# #
#.# #.# .# ###


You could see a water moccasin, a howler monkey (catching breath) and a killer
bee.

Vanquished Creatures
  Sigmund (D:3)
  2 black bears (D:5)
  An ice beast (D:6)
  A centaur (D:6)
  A phantom (D:2)
  A necrophage (D:5)
  A scorpion (D:6)
  3 killer bees (D:6)
  A jelly (D:4)
  An orc priest (D:4)
  A gnoll bouda (D:5)
  4 iguanas
  Jessica (D:2)
  2 orc wizards (D:4)
  Natasha (twice) (D:3)
  5 gnolls (D:5)
  9 adders
  A shadow imp (D:5)
  A white imp (D:5)
  A worm (D:5)
  2 dart slugs
  9 orcs
  6 ball pythons
  6 endoplasms
  4 giant cockroaches
  2 goblins
  7 hobgoblins
  5 quokkas
  5 bats
  4 frilled lizards
  8 kobolds
  2 rats
100 creatures vanquished.

Notes
Turn   | Place    | Note
-------+----------+-------------------------------------------
     0 | D:1      | retardedninja the Hill Orc Fighter began the quest for the
                  | Orb.
     0 | D:1      | Reached XP level 1. HP: 19/19 MP: 1/1
   228 | D:1      | Reached XP level 2. HP: 21/27 MP: 2/2
   459 | D:1      | You fall into a shaft and drop 1 floor!
   857 | D:1      | Reached XP level 3. HP: 33/33 MP: 3/3
  1088 | D:2      | Reached skill level 3 in Axes
  1194 | D:2      | Noticed a phantom
  1204 | D:2      | Killed a phantom
  1205 | D:2      | Reached skill level 1 in Throwing
  1205 | D:2      | Reached XP level 4. HP: 31/40 MP: 4/4
  1619 | D:2      | Reached skill level 4 in Axes
  1619 | D:2      | Reached XP level 5. HP: 43/46 MP: 5/5
  2104 | D:2      | Noticed Jessica
  2109 | D:2      | Killed Jessica
  2270 | D:2      | Identified the +5 sling "Ceudos" {antimagic, rC++ rN+}
  2511 | D:3      | Noticed Sigmund
  2534 | D:3      | Killed Sigmund
  2535 | D:3      | Reached XP level 6. HP: 9/53 MP: 6/6
  3235 | D:3      | Noticed Natasha
  3240 | D:3      | Killed Natasha
  3241 | D:3      | Reached skill level 5 in Axes
  3535 | D:3      | Noticed Natasha
  3541 | D:3      | Killed Natasha
  3814 | D:4      | Reached skill level 1 in Dodging
  3814 | D:4      | Reached XP level 7. HP: 47/60 MP: 7/7
  3820 | D:4      | Reached skill level 5 in Armour
  4863 | D:4      | Found a glowing golden altar of the Shining One.
  5315 | D:5      | Entered Level 5 of the Dungeon
  5394 | D:5      | Reached skill level 6 in Axes
  5528 | D:5      | Reached skill level 5 in Fighting
  5687 | D:5      | Reached skill level 7 in Axes
  5690 | D:5      | Reached XP level 8. HP: 59/68 MP: 8/8
  5791 | D:5      | Found a staircase to the Ecumenical Temple.
  5802 | Temple   | Entered the Ecumenical Temple
  5810 | Temple   | Became a worshipper of Gozag Ym Sagoz the Greedy
  5964 | D:5      | Found an ancient bone altar of Kikubaaqudgha.
  6382 | D:6      | HP: 3/68 [water moccasin (3)]
  6382 | D:6      | Slain by a killer bee

Illustrated notes

Levels and vault maps discovered:
D:1:      psy_arrival_radial01, layout_basic
D:2:      layout_loops_corners, minmay_goblin_kobold_house, uniq_jessica
D:3:      layout_basic, uniq_natasha, uniq_sigmund
D:4:      layout_basic, nicolae_tso_swordbearing_angel
D:5:      layout_cave_pools, kennysheep_mini, minmay_temple_entry_glassed_door,
          minmay_stone_trees_small
D:6:      layout_loops_ring, zin_treasury, hangedman_decor_opposing,
          minivault_27
Temple:   sentei_temple_godly_chess

Skill      XL: |  1  2  3  4  5  6  7  8 |
---------------+-------------------------+-----
Axes           | 3 4 5 7 |  7.7
Fighting       | 4 5 |  5.3
Throwing       | 1 2 3 |  3.9
Armour         | 4 5 6 |  6.3
Dodging        | 1 |  1.9
Shields        | 4 |  4.6
Stealth        | |  0.6

Action                   |  1- 3 |  4- 6 |  7- 9 || total
-------------------------+-------+-------+-------++-------
Melee: War axe           |    46 |    73 |   141 ||   260
Throw: Boomerang         |    26 |    44 |       ||    70
       Dart              |       |       |    28 ||    28
  Use: Scroll            |       |     7 |     1 ||     8
       Potion            |       |       |     3 ||     3
 Stab: Distracted        |       |       |     1 ||     1
Armor: Scale mail        |    22 |    47 |    93 ||   162
Dodge: Dodged            |    24 |    40 |    81 ||   145
Block: Buckler           |     8 |    11 |    35 ||    54

Table legend: (Time is in decaauts)
 A = Elapsed time spent in this place.
 B = Non-inter-level travel time spent in this place.
 C = Inter-level travel time spent in this place.
 D = Time resting spent in this place.
 E = Time spent auto-exploring this place.
 F = Levels seen in this place.
 G = Mean time per level.
                   A        B        C        D        E       F      G
               +--------+--------+--------+--------+--------+-----+--------+
         Total |   6472 |   6324 |    148 |   1761 |   3769 |   7 |  924.6 |
       Dungeon |   6460 |   6312 |    148 |   1761 |   3769 |   6 | 1076.7 |
        Temple |     12 |     12 |      0 |      0 |      0 |   1 |   12.0 |
               +--------+--------+--------+--------+--------+-----+--------+

Top non-repeatable levels by time:
     D:4: 1564 daAuts
     D:2: 1412 daAuts
     D:3: 1365 daAuts
     D:1: 1049 daAuts
     D:5: 686 daAuts
     D:6: 381 daAuts
  Temple: 12 daAuts
